 Dungeon Crawl Stone Soup version 0.28-a0-1624-g820543e53a (webtiles) character file.

Game seed: 6669694271663645332

7490 Edwards80 the Spear-Bearer (level 10, -6/91 HPs)
             Began as a Minotaur Fighter on Jan 23, 2022.
             Was an Elder of Okawaru.
             Killed from afar by an electric eel (14 damage)
             ... with a bolt of electricity
             ... on level 10 of the Dungeon.
             The game lasted 00:27:16 (9434 turns).

Edwards80 the Spear-Bearer (Minotaur Fighter)       Turns: 9434, Time: 00:27:16

Health: -6/91      AC: 14    Str: 31    XL:     10   Next: 95%
Magic:  9/9        EV: 11    Int:  5    God:    Okawaru [****..]
Gold:   373        SH: 12    Dex: 10    Spells: 9/9 levels left

rFire   . . .      SeeInvis .   a - +5 spear (freeze)
rCold   . . .      Faith    .   g - +2 kite shield {reflect}
rNeg    . . .      Spirit   .   d - +0 chain mail
rPois   .          Reflect  +   (helmet restricted)
rElec   .          Harm     .   (no cloak)
rCorr   .          Rampage  .   B - +0 pair of gloves
Will    .....                   A - +0 pair of boots
Stlth   ..........              (no amulet)
HPRegen 0.25/turn               k - +6 ring of strength
MPRegen 0.11/turn               l - +4 ring of evasion

@: no status effects
A: horns 2, retaliatory headbutt
a: Renounce Religion, Heroism, Finesse


You were on level 10 of the Dungeon.
You worshipped Okawaru.
Okawaru was greatly pleased with you.
You visited 2 branches of the dungeon, and saw 11 of its levels.
You also visited: Sewer and Bailey.

You collected 613 gold pieces.
You spent 240 gold pieces at shops.

Inventory:

Hand Weapons
 a - a +5 spear of freezing (weapon)
 c - a +0 trident of freezing
 H - a +2 vorpal flail
Missiles
 u - a throwing net (quivered)
Armour
 d - a +0 chain mail (worn)
 g - a +2 kite shield of reflection (worn)
 A - a +0 pair of boots (worn)
 B - a +0 pair of gloves (worn)
Jewellery
 b - an amulet of reflection
 k - a +6 ring of strength (left hand)
 l - a +4 ring of evasion (right hand)
 m - a ring of flight
 G - a ring of ice
 J - a ring of resist corrosion
Wands
 j - a wand of polymorph (4)
Scrolls
 e - 2 scrolls of amnesia {unknown}
 f - 2 scrolls of acquirement {unknown}
 i - 2 scrolls of magic mapping
 n - a scroll of summoning {unknown}
 o - 2 scrolls of fog
 s - a scroll of enchant weapon {unknown}
 x - a scroll of immolation
 y - a scroll of holy word {unknown}
 D - a scroll of brand weapon
 E - a scroll of silence {unknown}
 F - 2 scrolls of vulnerability {unknown}
 I - a scroll of teleportation
Potions
 h - a potion of attraction {unknown}
 p - 5 potions of heal wounds
 q - a potion of degeneration {unknown}
 r - 2 potions of haste
 t - 3 potions of flight
 v - 4 potions of curing
 w - 2 potions of mutation
 z - 3 potions of magic
 C - 3 potions of lignification


   Skills:
 + Level 9.2 Fighting
 - Level 14.0 Polearms
 + Level 9.2 Armour
 + Level 9.3 Shields


You had 9 spell levels left.
You didn't know any spells.
Your spell library contained the following spells:

 Spells                   Type           Power      Damage    Failure   Level
 Slow                     Hex            0%         N/A       99%         1
 Ensorcelled Hibernation  Hex/Ice        0%         N/A       100%        2
 Sublimation of Blood     Necr           0%         N/A       100%        2
 Wereblood                Tmut           0%         N/A       100%        2
 Confusing Touch          Hex            0%         N/A       100%        3
 Ignite Poison            Fire/Tmut/Pois 0%         N/A       100%        3
 Mephitic Cloud           Conj/Pois/Air  0%         N/A       100%        3
 Spider Form              Tmut/Pois      0%         N/A       100%        3
 Vampiric Draining        Necr           0%         2d6       100%        3
 Anguish                  Hex/Necr       0%         N/A       100%        4
 Passage of Golubria      Tloc           0%         N/A       100%        4
 Freezing Cloud           Conj/Ice/Air   0%         6-21      100%        5
 Yara's Violent Unravell  Hex/Tmut       0%         3d3       100%        5
 Tukima's Dance           Hex            Unusable   N/A       N/A         3
 Summon Hydra             Summ           Unusable   N/A       N/A         7

Dungeon Overview and Level Annotations

Branches:
Dungeon (10/15)            Temple (1/1) D:5            Lair (0/6) D:9
  Sewer (visited)          Bailey (visited)
    Orc: D:9-12

Altars:
Cheibriados
Dithmenos
Fedhas
Gozag
Hepliaklqana
Kikubaaqudgha
Nemelex Xobeh
Okawaru
Qazlal
Sif Muna
Trog
Uskayaw
Vehumet
Yredelemnul
Zin
Beogh

Shops:
D:1 =   D:5 ((*![   D:8 [


Innate Abilities, Weirdness & Mutations

You have a pair of horns on your head.
You reflexively headbutt those who attack you in melee.


Message History

An electric eel comes into view.
The electric eel shoots out a bolt of lightning at you!
The bolt of electricity hits you! x2
* * * LOW HITPOINT WARNING * * *
The electric eel shoots out a bolt of lightning at you!
The bolt of electricity hits you.
* * * LOW HITPOINT WARNING * * *
The electric eel shoots out a bolt of lightning at you!
The bolt of electricity hits the wyvern!
The bolt of electricity hits you.
* * * LOW HITPOINT WARNING * * *
The bolt of electricity hits you.
* * * LOW HITPOINT WARNING * * *
The electric eel shoots out a bolt of lightning at you!
The bolt of electricity hits the electric eel.
The electric eel completely resists.
The bolt of electricity hits the wyvern.
The bolt of electricity hits you.
* * * LOW HITPOINT WARNING * * *
The bolt of electricity hits you!
* * * LOW HITPOINT WARNING * * *
You feel much better.
The electric eel shoots out a bolt of lightning at you!
The bolt of electricity hits you.
* * * LOW HITPOINT WARNING * * *
The electric eel shoots out a bolt of lightning at you!
The bolt of electricity hits the electric eel.
The electric eel completely resists.
The bolt of electricity hits you.
* * * LOW HITPOINT WARNING * * *
The bolt of electricity hits you.
* * * LOW HITPOINT WARNING * * *
The wyvern bites you but does no damage.
The electric eel shoots out a bolt of lightning at you!
The bolt of electricity hits the electric eel.
The electric eel completely resists.
The bolt of electricity hits the wyvern!
The bolt of electricity hits you!
* * * LOW HITPOINT WARNING * * *
The bolt of electricity hits you!
You die...

############.....#######
........................
.(...)?................)
......).................
........................
........>...............
≈≈≈≈≈.....>.............
≈≈≈≈≈≈..................
≈≈#+#≈≈@####)....#######
≈ #≈l.# #.....#
≈≈###S≈.# #>....#
≈≈≈≈≈S≈.# #.....#
≈≈S≈≈≈≈.# #.....#
≈≈#+#≈≈.# #.....# ≈
#≈≈.# #.....# #≈≈.#
#.....# ≈≈..# #.....#


You could see a wyvern and 3 electric eels.

Vanquished Creatures
  2 two-headed ogres
  Pikel (D:6)
  Psyche (D:8)
  A troll (D:10)
  Prince Ribbit (D:5)
  6 yaks (D:9)
  A wyvern (D:8)
  A steam dragon (D:8)
  Duvessa (D:6)
  An acid dragon (D:9)
  A water moccasin (D:7)
  A black bear (D:5)
  6 orc warriors
  A sky beast (D:8)
  A necrophage (D:4)
  2 ogres
  3 centaurs
  2 phantoms
  A lemure (D:6)
  4 kobold brigands
  3 bullfrogs
  4 scorpions
  2 wyvern zombies
  Dowan (D:6)
  A wyvern skeleton (D:3)
  A water moccasin skeleton (D:4)
  6 killer bees
  5 wights (D:8)
  2 howler monkeys (D:5)
  A jelly (D:5)
  2 centaur zombies
  3 bullfrog skeletons (D:6)
  4 hounds
  A gnoll shaman (D:8)
  4 orc priests
  A centaur skeleton (D:5)
  Jessica (D:3)
  4 iguanas
  5 orc wizards
  A hound skeleton (D:5)
  A howler monkey zombie (D:9)
  6 adders
  3 gnolls (D:8)
  2 white imps
  3 worms
  5 dart slugs
  25 orcs
  4 bats
  8 endoplasms
  7 giant cockroaches
  6 hobgoblins
  10 jackals
  11 kobolds
  8 quokkas
  9 ball pythons
  3 frilled lizards
  10 goblins
  11 rats
222 creatures vanquished.

Vanquished Creatures (others)
  4 fungi
  7 plants
  3 toadstools (D:4)
14 creatures vanquished.

Grand Total: 236 creatures vanquished

Notes
Turn   | Place    | Note
-------+----------+-------------------------------------------
     0 | D:1      | Edwards80 the Minotaur Fighter began the quest for the Orb.
     0 | D:1      | Reached XP level 1. HP: 19/19 MP: 0/0
   121 | D:1      | Reached XP level 2. HP: 27/27 MP: 1/1
   198 | D:1      | You fall into a shaft and drop 1 floor!
   207 | D:1      | Reached skill level 3 in Polearms
   272 | D:1      | Found a faded altar of an unknown god.
   306 | D:1      | Found Jideatot's Jewellery Boutique.
   743 | D:2      | Reached XP level 3. HP: 30/33 MP: 2/2
   745 | D:2      | Reached skill level 4 in Polearms
  1188 | D:2      | Found an opulent altar of Gozag.
  1352 | D:3      | Reached skill level 5 in Polearms
  1352 | D:3      | Reached XP level 4. HP: 28/40 MP: 3/3
  1629 | D:3      | Noticed Jessica
  1632 | D:3      | Killed Jessica
  1633 | D:3      | Reached skill level 6 in Polearms
  1633 | D:3      | Reached XP level 5. HP: 46/46 MP: 4/4
  1638 | D:3      | Got Jessica's Tome of Black Rites
  1751 | D:3      | Found a shadowy altar of Dithmenos.
  1949 | D:4      | Noticed a necrophage
  1955 | D:4      | Killed a necrophage
  1956 | D:4      | Reached skill level 7 in Polearms
  1956 | D:4      | Reached XP level 6. HP: 52/52 MP: 5/5
  2013 | D:4      | Found a shimmering blue altar of Sif Muna.
  2341 | D:4      | Found a glowing drain.
  2372 | D:4      | Reached skill level 8 in Polearms
  2373 | Sewer    | Entered a sewer
  2667 | Sewer    | Reached skill level 9 in Polearms
  2667 | Sewer    | Reached XP level 7. HP: 49/58 MP: 6/6
  3364 | D:5      | Entered Level 5 of the Dungeon
  3417 | D:5      | Found Gibadikku's Antique Weapon Emporium.
  3511 | D:5      | Found a hide-covered altar of Uskayaw.
  3564 | D:5      | Noticed Prince Ribbit
  3577 | D:5      | Killed Prince Ribbit
  3578 | D:5      | Reached skill level 10 in Polearms
  3644 | D:5      | Found Ughudub's Weapon Boutique.
  3657 | D:5      | Reached skill level 11 in Polearms
  3657 | D:5      | Reached XP level 8. HP: 45/66 MP: 7/7
  3773 | D:5      | Found Cinwetur's Armour Boutique.
  3837 | D:5      | Bought a +2 kite shield of reflection for 240 gold pieces
  3928 | D:5      | Found Ingit's Distillery.
  3949 | D:5      | Found Peroac's General Store.
  4039 | D:5      | Reached skill level 12 in Polearms
  4100 | D:5      | Found a staircase to the Ecumenical Temple.
  4116 | Temple   | Entered the Ecumenical Temple
  4160 | Temple   | Became a worshipper of Warmaster Okawaru
  4491 | D:6      | Noticed Duvessa
  4491 | D:6      | Noticed Dowan
  4505 | D:6      | Killed Duvessa
  4511 | D:6      | Killed Dowan
  4730 | D:6      | Noticed Pikel
  4759 | D:6      | Killed Pikel
  4759 | D:6      | Reached * piety under Okawaru
  4760 | D:6      | Reached skill level 13 in Polearms
  4760 | D:6      | Reached XP level 9. HP: 40/71 MP: 8/8
  4912 | D:6      | Found an ancient bone altar of Kikubaaqudgha.
  4920 | D:6      | Reached skill level 14 in Polearms
  5324 | D:7      | Identified the +2 robe of Protective Custody {Regen+ SInv}
  5705 | D:7      | Found a flagged portal.
  5733 | Bailey   | Entered a bailey
  5759 | Bailey   | Reached skill level 5 in Fighting
  5759 | Bailey   | Reached skill level 5 in Armour
  5759 | Bailey   | Reached skill level 5 in Shields
  6494 | D:7      | Found a stormy altar of Qazlal.
  6502 | D:7      | Reached ** piety under Okawaru
  6778 | D:7      | Found a radiant altar of Vehumet.
  7069 | D:8      | Found Dunoyjaz's Antique Armour Shop.
  7258 | D:8      | Reached XP level 10. HP: 60/82 MP: 9/9
  7438 | D:8      | Noticed Psyche
  7730 | D:8      | Killed Psyche
  8061 | D:9      | Reached *** piety under Okawaru
  8084 | D:9      | Found a staircase to the Lair.
  8527 | D:9      | Noticed a two-headed ogre
  8534 | D:9      | Killed a two-headed ogre
  8534 | D:9      | Reached **** piety under Okawaru
  9071 | D:10     | Entered Level 10 of the Dungeon
  9147 | D:10     | Noticed a two-headed ogre
  9397 | D:10     | Killed a two-headed ogre
  9434 | D:10     | Killed from afar by an electric eel

Illustrated notes

Levels and vault maps discovered:
D:1:      dpeg_arrival_long_road, layout_loops_ring, serial_shops,
          nicolae_lakefront_shop, hellmonk_ecumenical_altar_defaced_shrine,
          hangedman_abyss_or_decor_stabs
D:2:      layout_rooms, basic_altar, serial_bayou_pond_b
D:3:      layout_rooms, lemuel_coloured_pillars_altar, serial_glass,
          glass_columns_a, glass_columns_b, due_unseen_surprise,
          minmay_strange_pillars, grunt_ministairs_14, kennysheep_jessica_study
D:4:      layout_loops_ring, general_overflow_altar, portal_sewer_entry_f,
          kennysheep_minor_cross, minmay_gold_behind_fungi, grunt_ministairs_4,
          minmay_misc_feat_pillars
D:5:      layout_cave_pools, nicolae_uskayaw_dance_hall, temple_green,
          serial_shops, kennysheep_mini, shop, shop, nicolae_shop_statue_plus,
          nicolae_inconvenience_store, uniq_prince_ribbit1
D:6:      layout_basic, lemuel_doored_altar, uniq_duvessa, uniq_pikel
D:7:      layout_loops_cross, kennysheep_little_box, vehumet_crystals,
          enter_bailey_5, nicolae_ossuary_entry_ruins, minmay_between
D:8:      layout_cave_pools, serial_shops, shop, minivault_14,
          columned_hall_lemuel, uniq_psyche
D:9:      layout_roguey, grunt_lair_entry_orc_guard_hut
D:10:     layout_cross, water_boxes_lemuel
Temple:   regret_index_temple_sphere_string

Skill      XL: |  1  2  3  4  5  6  7  8  9 10 |
---------------+-------------------------------+-----
Polearms       | 3 5 6 7 9 11 13 14 | 14.0
Fighting       | 6 9 |  9.2
Armour         | 6 9 |  9.2
Shields        | 6 9 |  9.3

Action                   |  1- 3 |  4- 6 |  7- 9 | 10-12 || total
-------------------------+-------+-------+-------+-------++-------
Melee: Trident           |    82 |   145 |   309 |     6 ||   542
       Headbutt          |    11 |     8 |    44 |    29 ||    92
       Spear             |       |       |       |   145 ||   145
  Use: Scroll            |     1 |       |     9 |     5 ||    15
       Potion            |       |       |     3 |     3 ||     6
Armor: Scale mail        |    29 |    26 |    31 |       ||    86
       Chain mail        |       |       |    23 |    21 ||    44
Dodge: Dodged            |    33 |    73 |    95 |    31 ||   232
Block: Buckler           |    16 |    27 |    12 |       ||    55
       Kite shield       |       |       |   132 |    47 ||   179
       Reflection        |       |       |     7 |     3 ||    10

Table legend: (Time is in decaauts)
 A = Elapsed time spent in this place.
 B = Non-inter-level travel time spent in this place.
 C = Inter-level travel time spent in this place.
 D = Time resting spent in this place.
 E = Time spent auto-exploring this place.
 F = Levels seen in this place.
 G = Mean time per level.
                   A        B        C        D        E       F      G
               +--------+--------+--------+--------+--------+-----+--------+
         Total |   9384 |   9119 |    265 |   1259 |   5898 |  13 |  721.8 |
       Dungeon |   8508 |   8252 |    256 |   1259 |   5317 |  10 |  850.8 |
        Temple |     98 |     89 |      9 |      0 |     63 |   1 |   98.0 |
         Sewer |    582 |    582 |      0 |      0 |    398 |   1 |  582.0 |
        Bailey |    194 |    194 |      0 |      0 |    120 |   1 |  194.0 |
               +--------+--------+--------+--------+--------+-----+--------+

Top non-repeatable levels by time:
     D:7: 1707 daAuts
     D:9: 1253 daAuts
     D:6: 946 daAuts
     D:4: 945 daAuts
     D:5: 880 daAuts
     D:1: 724 daAuts
     D:8: 717 daAuts
     D:2: 629 daAuts
   Sewer: 582 daAuts
     D:3: 573 daAuts
  Bailey: 194 daAuts
    D:10: 129 daAuts
  Temple: 98 daAuts
